 Dungeon Crawl Stone Soup version 0.25-a0-699-g25a338df49 (webtiles) character file.

Game seed: 4633301797873606964, levelgen mode: deterministic

6115 ReteAZ the Zephyrmancer (level 10, -3/86 HPs)
             Began as a Centaur Air Elementalist on Apr 2, 2020.
             Was a Believer of Vehumet.
             Slain by a wolf (8 damage)
             ... on level 8 of the Dungeon.
             The game lasted 00:45:23 (12868 turns).

ReteAZ the Zephyrmancer (Centaur Air Elementalist) Turns: 12868, Time: 00:45:23

Health: -3/86      AC:  7    Str: 15    XL:     10   Next: 58%
Magic:  15/18      EV: 24    Int: 17    God:    Vehumet [**....]
Gold:   336        SH:  4    Dex:  9    Spells: 12/20 levels left

rFire    . . .     SeeInvis .   q - +0 dagger (venom)
rCold    . . .     Gourm    .   g - +0 buckler
rNeg     . . .     Faith    .   a - +0 robe
rPois    .         Spirit   .   (no helmet)
rElec    .         Reflect  .   B - +1 cloak
rCorr    .         Harm     .   I - +0 pair of gloves
MR       .....                  (no barding)
Stlth    +.........             A - amulet of the acrobat
HPRegen  0.24/turn              r - +3 ring of strength
MPRegen  0.16/turn              (no ring)

@: marked, acrobat, flying, very quick
A: large, hooves 3, deformed body, speed 2, tough skin 3
a: Renounce Religion


You were on level 8 of the Dungeon.
You worshipped Vehumet.
Vehumet was pleased with you.
You were not hungry.

You visited 2 branches of the dungeon, and saw 10 of its levels.

You collected 372 gold pieces.
You spent 36 gold pieces at shops.

Inventory:

Hand Weapons
 h - a +0 spear
 k - a +0 hunting sling
 q - a +0 dagger of venom (weapon)
Missiles
 l - 143 sling bullets
 o - 19 poisoned darts (quivered)
Armour
 a - a +0 robe (worn)
 g - a +0 buckler (worn)
 u - the +1 scale mail of True Grit {Regen+ Str+3 Dex+4, unknown}
   (You found it on level 4 of the Dungeon)

   It affects your strength (+3).
   It affects your dexterity (+4).
   It increases your rate of regeneration.
 B - a +1 cloak (worn)
 I - a +0 pair of gloves (worn)
Jewellery
 r - a +3 ring of strength (left hand)
 A - an amulet of the acrobat (around neck)
 K - an uncursed amulet of rage
Wands
 p - a wand of random effects (17)
 t - a wand of polymorph (13)
Scrolls
 b - a scroll of blinking {unknown}
 d - 2 scrolls of fear {unknown}
 i - a scroll of magic mapping {unknown}
 m - a scroll of enchant weapon {unknown}
 s - a scroll of enchant armour {unknown}
 v - a scroll of noise {unknown}
 w - 7 scrolls of identify
 x - 4 scrolls of remove curse {unknown}
 y - a scroll of fog {unknown}
 z - a scroll of random uselessness {unknown}
 C - 2 scrolls of teleportation {unknown}
 H - a scroll of immolation {unknown}
Potions
 e - 2 potions of curing
 f - a potion of flight
 j - a potion of degeneration {unknown}
 n - a potion of ambrosia {unknown}
 D - a potion of lignification {unknown}
 E - a potion of brilliance {unknown}
 F - a potion of haste {unknown}
 G - a potion of mutation {unknown}
Comestibles
 c - 22 rations
 J - a chunk of flesh


   Skills:
 + Level 7.0 Fighting
 - Level 1.3 Dodging
 - Level 1.1 Stealth
 - Level 2.4 Shields
 + Level 5.6 Spellcasting
 - Level 6.0 Conjurations
 * Level 9.7 Air Magic


You had 12 spell levels left.
You knew the following spells:

 Your Spells              Type           Power        Failure   Level  Hunger
a - Shock                 Conj/Air       ####         1%          1    None
b - Static Discharge      Conj/Air       ####....     1%          3    ##.....
c - Airstrike             Air            #####.....   2%          4    ####...

Your spell library contained the following spells:

 Spells                   Type           Power        Failure   Level  Hunger
 Dazzling Flash           Conj/Hex       ##....       12%         3    ##.....
 Swiftness                Chrm/Air       ###.....     2%          2    #......
 Lightning Bolt           Conj/Air       ####......   14%         5    ######.


Dungeon Overview and Level Annotations

Branches:
Dungeon (9/15)             Temple (1/1) D:4
   Lair: D:8-11         Orc: D:9-12

Altars:
Ashenzari
Cheibriados
Dithmenos
Elyvilon
Fedhas
Gozag
Hepliaklqana
Kikubaaqudgha
Makhleb
Nemelex Xobeh
Okawaru
Qazlal
Ru
Sif Muna
Trog
Uskayaw
Vehumet
Xom
Yredelemnul
Zin
The Shining One

Shops:
D:5 !

Annotations:
D:7 2 transporters, 1 runed translucent door, Crazy Yiuf; Piu's ghost, amateur OgSk


Innate Abilities, Weirdness & Mutations

You have hooves in place of feet.
Armour fits poorly on your strangely shaped body.
You cover ground very quickly.
You have extremely tough skin. (AC +3)


Message History

The wolf bites you.
* * * LOW HITPOINT WARNING * * *
You feel better. The wolf closely misses you. The wolf bites you!
* * * LOW HITPOINT WARNING * * *
You block the wolf's attack. The wolf barely misses you. The wolf misses you.
The wolf completely misses you. The wolf completely misses you.
The wolf misses you. The wolf bites you but does no damage.
The wolf completely misses you. The wolf completely misses you.
The wolf completely misses you.
Really fly onto that alarm trap?
You set off the alarm!
The alarm trap emits a blaring wail!
A sentinel's mark forms upon you.
You hear a shout!
You block the wolf's attack. The wolf closely misses you. The wolf bites you!
You die...

#.........## #.###..######
#..........# ###.###...# #
#..........####>......#.#####
#...............#######..(...
#..............H...####...###
##..........######.##...#..##
#.........######......####...
#..>.............##.### ##..
#.........hh@..####.##### #..
#.........####..........# #..
#####.........# ########...#
#.. ..#..........## #...# #..
............## #...# ##.
..........### ##### ##.
....._....# #.. ..........#
#.. ..........# #..


You could see 2 wolves.

Vanquished Creatures
  2 two-headed ogres (D:8)
  Joseph (D:7)
  A hornet (D:8)
  A hippogriff (D:8)
  A shadow (D:8)
  A yak (D:8)
  A human (D:8)
  3 hogs
  Menkaure (D:7)
  A hungry ghost (D:7)
  2 porcupines (D:9)
  An orc warrior (D:7)
  3 sky beasts
  A phantom (D:6)
  A wolf (D:9)
  3 centaurs
  A crocodile (D:8)
  3 bullfrogs
  A wyvern skeleton (D:7)
  A scorpion (D:6)
  4 killer bees (D:7)
  3 howler monkeys (D:8)
  4 crimson imps
  A centaur zombie (D:7)
  A bullfrog zombie (D:6)
  5 hounds
  A centaur skeleton (D:5)
  A gnoll shaman (D:6)
  A jelly (D:7)
  8 orc wizards
  6 orc priests
  6 iguanas
  5 worker ants
  A killer bee zombie (D:5)
  A worker ant zombie (D:7)
  5 adders
  5 gnolls (D:6)
  3 oozes
  3 worms
  2 dart slugs
  4 leopard geckos
  28 orcs
  8 bats
  9 giant cockroaches
  6 hobgoblins
  11 jackals
  3 quokkas
  2 frilled lizards
  11 goblins
  7 kobolds
  A leopard gecko skeleton (D:5)
  A quokka skeleton (D:5)
  A quokka zombie (D:6)
  9 rats
197 creatures vanquished.

Vanquished Creatures (others)
  An iguana (D:8)
  A fungus (D:9)
  2 plants (D:9)
4 creatures vanquished.

Grand Total: 201 creatures vanquished

Notes
Turn   | Place    | Note
-------+----------+-------------------------------------------
     0 | D:1      | ReteAZ the Centaur Air Elementalist began the quest for the
                  | Orb.
     0 | D:1      | Reached XP level 1. HP: 14/14 MP: 3/3
   113 | D:1      | Reached skill level 1 in Conjurations
   259 | D:1      | Reached XP level 2. HP: 20/22 MP: 0/4
   368 | D:1      | Reached skill level 3 in Air Magic
  1061 | D:1      | Reached XP level 3. HP: 26/27 MP: 0/5
  1116 | D:1      | Learned a level 3 spell: Static Discharge
  1432 | D:2      | Reached skill level 1 in Fighting
  1536 | D:2      | Noticed a centaur
  2735 | D:2      | Killed a centaur
  2735 | D:2      | Reached XP level 4. HP: 9/35 MP: 0/7
  2735 | D:2      | Reached XP level 5. HP: 11/40 MP: 0/8
  3344 | D:3      | Found a blossoming altar of Fedhas,
  3819 | D:3      | Found a faded altar of an unknown god,
  3987 | D:3      | Reached skill level 4 in Air Magic
  4429 | D:4      | Reached XP level 6. HP: 47/48 MP: 4/9
  5325 | D:4      | Got a crude scale mail
  5733 | D:4      | Found a staircase to the Ecumenical Temple,
  5984 | Temple   | Entered the Ecumenical Temple
  6138 | Temple   | Became a worshipper of Vehumet
  6176 | D:5      | Entered Level 5 of the Dungeon
  6185 | D:5      | Learned a level 4 spell: Airstrike
  6243 | D:5      | Reached XP level 7. HP: 33/56 MP: 1/11
  6783 | D:5      | Found Oprol's Distillery,
  6993 | D:5      | Reached skill level 5 in Air Magic
  7219 | D:5      | Bought a potion of curing for 36 gold pieces
  7390 | D:5      | Reached skill level 1 in Shields
  7808 | D:6      | Reached * piety under Vehumet
  7808 | D:6      | Offered knowledge of Magic Dart by Vehumet.
  7941 | D:6      | Reached XP level 8. HP: 20/63 MP: 0/12
  8772 | D:6      | Reached skill level 5 in Conjurations
  9422 | D:7      | Noticed Menkaure
  9431 | D:7      | Killed Menkaure
  9623 | D:6      | Reached skill level 6 in Air Magic
  9696 | D:7      | Found a transporter,
  9962 | D:7      | Found a transporter,
  9963 | D:7      | Noticed Joseph
  9964 | D:7      | Noticed a hornet
 10042 | D:7      | Reached XP level 9. HP: 71/71 MP: 5/14
 10178 | D:7      | Reached ** piety under Vehumet
 10283 | D:7      | Offered knowledge of Foxfire by Vehumet.
 10321 | D:7      | Noticed Piu's ghost (amateur OgSk)
 10352 | D:7      | Reached skill level 7 in Air Magic
 10418 | D:7      | Found a hazy altar of Hepliaklqana,
 10441 | D:7      | Killed Joseph
 10441 | D:7      | Reached skill level 5 in Fighting
 10826 | D:7      | Found a runed translucent door,
 10827 | D:7      | Noticed Crazy Yiuf
 11026 | D:8      | Noticed a two-headed ogre
 11074 | D:8      | Killed a two-headed ogre
 11074 | D:8      | Reached skill level 8 in Air Magic
 11211 | D:8      | Noticed a two-headed ogre
 11303 | D:8      | Killed a two-headed ogre
 11303 | D:8      | Reached skill level 5 in Spellcasting
 11303 | D:8      | Reached XP level 10. HP: 83/83 MP: 8/17
 11379 | D:8      | Found a stormy altar of Qazlal,
 11592 | D:8      | Found a white marble altar of Elyvilon,
 11649 | D:8      | Found an ancient bone altar of Kikubaaqudgha,
 11658 | D:8      | Reached skill level 9 in Air Magic
 12214 | D:8      | Offered knowledge of Dazzling Flash by Vehumet.
 12566 | D:9      | Found a burning altar of Makhleb,
 12841 | D:8      | HP: 4/86 [wolf (2)]
 12843 | D:8      | HP: 1/86 [wolf (6)]
 12868 | D:8      | Slain by a wolf

Levels and vault maps discovered:
D:1:      ncdulo_wetmaze, layout_rooms, serial_forest,
          infiniplex_forest_lined_2, infiniplex_forest_clump_small,
          infiniplex_forest_end_2, infiniplex_forest_straight_4,
          infiniplex_forest_split, st_stairs_8
D:2:      layout_loops_corners, first_ration
D:3:      layout_loops_ring, old_standard_altar,
          chequers_ecumenical_altar_simple
D:4:      layout_cave_pods, minmay_temple_entry_junction, kennysheep_potato
D:5:      layout_basic, serial_shops, shop
D:6:      layout_cave_pods, nicolae_lava_and_water
D:7:      layout_rooms, lemuel_crystal_altar, gammafunk_ghost_hive, uniq_joseph,
          uniq_menkaure, uniq_crazy_yiuf_cottage
D:8:      layout_rooms, kiku_gazebo_garden_becter, overflow_temple_1_default,
          basic_altar, grunt_livestock
D:9:      layout_grid_maze, makhleb_heckhound_becter, overflow_temple_1_default,
          minmay_lair_entry_grove, minmay_misc_feat_nine_boxes
Temple:   eino_temple_rhombus

Skill      XL: |  1  2  3  4  5  6  7  8  9 10 |
---------------+-------------------------------+-----
Conjurations   | 1 2 3 4 5 6 |  6.0
Air Magic      | 3 4 5 6 8 9 |  9.7
Fighting       | 1 2 3 4 6 7 |  7.0
Spellcasting   | 2 3 5 |  5.6
Shields        | 1 2 |  2.4
Dodging        | |  1.3
Stealth        | |  1.1

Action                   |  1- 3 |  4- 6 |  7- 9 | 10-12 || total
-------------------------+-------+-------+-------+-------++-------
Melee: Unarmed           |    15 |       |       |       ||    15
       Kick              |     6 |       |     5 |     3 ||    14
       Spear             |    20 |       |       |       ||    20
       Club              |     1 |       |       |       ||     1
       Dagger            |       |       |    30 |     7 ||    37
 Fire: Hunting sling     |       |    13 |       |       ||    13
 Cast: Shock             |    99 |   134 |   258 |    95 ||   586
       Static Discharge  |       |       |     9 |     6 ||    15
       Airstrike         |       |       |    19 |     4 ||    23
Evoke: Wand              |       |       |     6 |       ||     6
  Use: Scroll            |       |       |     1 |       ||     1
       Potion            |       |       |       |     5 ||     5
  Eat: Chunk             |     7 |    10 |    17 |     4 ||    38
       Ration            |       |       |     1 |       ||     1
Armor: Robe              |    26 |    12 |    26 |    18 ||    82
Dodge: Dodged            |    33 |    27 |    50 |    49 ||   159
Block: Buckler           |       |       |    15 |    10 ||    25

Table legend:
 A = Non-vault XP
 B = Vault XP
 C = Vault XP percentage of total XP
 D = Non-vault monster count
 E = Vault monster count
 F = Vault count percentage of total count
                 A         B        C        D         E       F
            +---------+---------+-------+---------+---------+-------
      Total |    6677 |    2059 |  23.6 |     185 |      13 |   6.6
            +---------+---------+-------+---------+---------+-------
        D:1 |      43 |       4 |   8.5 |      22 |       2 |   8.3
        D:2 |     153 |       0 |   0.0 |      22 |       0 |   0.0
        D:3 |     227 |       0 |   0.0 |      33 |       0 |   0.0
        D:4 |     253 |       0 |   0.0 |      13 |       0 |   0.0
        D:5 |     535 |       0 |   0.0 |      14 |       0 |   0.0
        D:6 |     897 |       0 |   0.0 |      31 |       0 |   0.0
        D:7 |    1315 |     802 |  37.9 |      26 |       3 |  10.3
        D:8 |    3139 |     808 |  20.5 |      23 |       4 |  14.8
        D:9 |     115 |     445 |  79.5 |       1 |       4 |  80.0
            +---------+---------+-------+---------+---------+-------
